 Dungeon Crawl Stone Soup version 0.27-a0-1548-gf8a67e7463 (webtiles) character file.

Game seed: 3804677794774195485

1071 Spaninq the Ruffian (level 8, -6/78 HPs)
             Began as a Troll Earth Elementalist on July 13, 2021.
             Mangled by Dowan (7 damage)
             ... on level 5 of the Dungeon.
             The game lasted 00:10:03 (3271 turns).

Spaninq the Ruffian (Troll Earth Elementalist)      Turns: 3271, Time: 00:10:05

Health: -6/78      AC:  4    Str: 15 (17) XL:     8   Next: 7%
Magic:  8/8        EV:  9    Int: 11 (13) God:
Gold:   154        SH:  0    Dex:  7 (10) Spells: 6/9 levels left

rFire    . . .     SeeInvis .     - Unarmed
rCold    . . .     Faith    .   (no shield)
rNeg     . . .     Spirit   .   b - +0 robe
rPois    .         Reflect  .   (helmet restricted)
rElec    .         Harm     .   (no cloak)
rCorr    .         Rampage  .   (gloves unavailable)
Will     +....                  (boots unavailable)
Stlth    +.........             (no amulet)
HPRegen  1.23/turn              j - ring of willpower
MPRegen  0.11/turn              (no ring)

@: flying, studying Translocations
A: large, unfitting armour, claws 3, regeneration 1, shaggy fur 1, tough skin 1
a: no special abilities


You were on level 5 of the Dungeon.
You visited 1 branch of the dungeon, and saw 5 of its levels.

You collected 154 gold pieces.

Inventory:

Missiles
 c - 93 stones
Armour
 b - a +0 robe (worn)
Jewellery
 j - a ring of willpower (left claw)
Wands
 k - a wand of digging (5)
 m - a wand of polymorph (8)
Scrolls
 d - 4 scrolls of identify {unknown}
 e - a scroll of magic mapping {unknown}
 f - a scroll of blinking {unknown}
 g - a scroll of noise {unknown}
 i - a scroll of enchant armour {unknown}
 l - a scroll of summoning {unknown}
 p - a scroll of teleportation {unknown}


   Skills:
 + Level 4.3 Fighting
 - Level 1.5 Dodging
 - Level 1.0 Stealth
 * Level 7.6 Unarmed Combat
 - Level 1.2 Spellcasting
 - Level 0.6 Transmutations
 - Level 2.6 Earth Magic


You had 6 spell levels left.
You knew the following spells:

 Your Spells              Type           Power      Damage    Failure   Level
a - Sandblast             Erth           12%        2d6       11%         1
b - Passwall              Tmut/Erth      3%         N/A       24%         2

Your spell library contained the following spells:

 Spells                   Type           Power      Damage    Failure   Level
 Stone Arrow              Conj/Erth      6%         3d7       50%         3
 Petrify                  Tmut/Erth      4%         N/A       85%         4


Dungeon Overview and Level Annotations

Branches:
Dungeon (5/15)
 Temple: D:4-7

Altars:
Fedhas
Uskayaw
Wu Jian
Xom

Annotations:
D:5 Dowan


Innate Abilities, Weirdness & Mutations

You are too large for most types of armour.
You have claws for hands.
Your natural rate of healing is unusually fast.
You are covered in fur. (AC +1)
You have tough skin. (AC +1)


Message History

Duvessa is severely wounded.
You scratch Duvessa but do no damage.
Duvessa is severely wounded.
Duvessa hits you with a +0 short sword!
You claw Duvessa!
Duvessa is almost dead.
Dowan points at Duvessa and mumbles some strange words.
Duvessa seems to speed up.
Duvessa hits you with a +0 short sword.
You barely miss Duvessa.
Duvessa is almost dead.
Duvessa hits you with a +0 short sword!
You scratch Duvessa.
You kill Duvessa!
Dowan's eyes darken. "You have made a black mistake."
Dowan seems to find hidden reserves of power!
You have reached level 8!
You closely miss Dowan. Dowan barely misses you. x2
You scratch Dowan.
Dowan is lightly wounded.
Dowan hits you with a +0 dagger.
You claw Dowan!
Dowan is moderately wounded.
Dowan gestures at you while chanting. The shard of ice hits you!
* * * LOW HITPOINT WARNING * * *
It was a potion of cancellation.
You feel magically purged. Dowan hits you but does no damage.
Dowan closely misses you.
It was a potion of flight.
You feel very buoyant.
You fly up into the air.
Dowan casts a spell at you. The shard of ice hits you!
* * * LOW HITPOINT WARNING * * *
It was a potion of degeneration.
There was something very wrong with that liquid.
You feel weakened.
You feel dopey.
You feel clumsy. Dowan hits you with a +0 dagger.
* * * LOW HITPOINT WARNING * * *
Dowan hits you with a +0 dagger!
You die...

#.#####..#
#..)..#..####.
#.............#
#.#...#########
#.#......^.....
#.#.#.#....(.##
#.....#......#
###.###......# #@#
#......#
#######e#.+......#
#......Z..#......#
#.#####.#######...
... ..... g.....#
.......# #####.>.#


You could see Dowan (fast) and a water moccasin zombie.

Vanquished Creatures
  Sigmund (D:3)
  Duvessa (D:5)
  A black bear (D:4)
  An ogre (D:5)
  A bullfrog (D:4)
  3 scorpions (D:4)
  A water moccasin skeleton (D:4)
  An orc priest (D:4)
  A centaur skeleton (D:4)
  2 orc wizards (D:4)
  Robin (D:4)
  5 adders
  7 gnolls
  A shadow imp (D:4)
  A dart slug (D:4)
  5 worms
  10 orcs (D:4)
  3 ball pythons
  9 endoplasms
  2 giant cockroaches
  11 goblins
  7 hobgoblins
  10 jackals
  3 quokkas
  3 bats
  8 frilled lizards
  9 kobolds
  A rat (D:1)
109 creatures vanquished.

Vanquished Creatures (others)
  4 plants (D:3)
4 creatures vanquished.

Grand Total: 113 creatures vanquished

Notes
Turn   | Place    | Note
-------+----------+-------------------------------------------
     0 | D:1      | Spaninq the Troll Earth Elementalist began the quest for
                  | the Orb.
     0 | D:1      | Reached XP level 1. HP: 16/16 MP: 1/1
   304 | D:1      | Reached skill level 1 in Unarmed Combat
   356 | D:1      | Reached XP level 2. HP: 26/26 MP: 2/2
   577 | D:1      | Found a faded altar of an unknown god.
   735 | D:2      | Reached skill level 2 in Unarmed Combat
   806 | D:2      | Reached skill level 1 in Fighting
   892 | D:2      | Reached XP level 3. HP: 19/33 MP: 3/3
  1392 | D:2      | Reached skill level 3 in Unarmed Combat
  1392 | D:2      | Reached XP level 4. HP: 41/41 MP: 4/4
  1590 | D:3      | Noticed Sigmund
  1598 | D:3      | Killed Sigmund
  1599 | D:3      | Reached skill level 4 in Unarmed Combat
  1599 | D:3      | Reached XP level 5. HP: 26/50 MP: 5/5
  1599 | D:3      | Reached XP level 6. HP: 31/59 MP: 6/6
  2197 | D:4      | Reached skill level 5 in Unarmed Combat
  2350 | D:4      | Noticed Robin
  2408 | D:4      | Killed Robin
  2501 | D:4      | Learned a level 2 spell: Passwall
  2630 | D:4      | Reached XP level 7. HP: 66/67 MP: 7/7
  2664 | D:4      | Reached skill level 6 in Unarmed Combat
  2815 | D:4      | Found a hide-covered altar of Uskayaw.
  2917 | D:4      | Reached skill level 7 in Unarmed Combat
  3044 | D:4      | Found a shimmering altar of Xom.
  3047 | D:4      | Found a blossoming altar of Fedhas.
  3050 | D:4      | Found an ornate altar of the Wu Jian Council.
  3173 | D:5      | Entered Level 5 of the Dungeon
  3243 | D:5      | Noticed Duvessa
  3251 | D:5      | Noticed Dowan
  3265 | D:5      | Killed Duvessa
  3266 | D:5      | Reached XP level 8. HP: 32/78 MP: 8/8
  3270 | D:5      | HP: 2/78 [Dowan/shard of ice (14)]
  3271 | D:5      | Mangled by Dowan

Illustrated notes

Levels and vault maps discovered:
D:1:      minmay_arrival_four_houses, layout_loops_ring,
          dreamdust_ecumenical_altar_hidden_monk_grotto, hangedman_glass_teeth,
          kennysheep_decorative_pillar
D:2:      layout_loops_ring, minmay_pentomino_z4
D:3:      layout_basic, minmay_lizard_king, uniq_sigmund
D:4:      layout_basic, grunt_temple_overflow_diamond, lemuel_tele_altar,
          minmay_statues_item, minmay_manual_monstrance, uniq_robin
D:5:      layout_basic, elyvilon_altar_5, temple_pool_b, uniq_duvessa,
          uniq_edmund

Skill      XL: |  1  2  3  4  5  6  7 |
---------------+----------------------+-----
Unarmed Combat | 1 2 3 4 5 7 |  7.6
Fighting       | 1 2 3 4 |  4.3
Dodging        | |  1.5
Stealth        | |  1.0
Spellcasting   | |  1.2
Transmutations | |  0.6
Earth Magic    | |  2.6

Action                   |  1- 3 |  4- 6 |  7- 9 || total
-------------------------+-------+-------+-------++-------
Melee: Unarmed           |   129 |   137 |    89 ||   355
       Punch             |     1 |     1 |     5 ||     7
 Cast: Passwall          |       |     1 |       ||     1
  Use: Potion            |       |     1 |     3 ||     4
       Scroll            |       |       |     1 ||     1
 Stab: Sleeping          |     4 |     1 |     1 ||     6
Armor: Robe              |    45 |    41 |    13 ||    99
Dodge: Dodged            |    65 |    50 |    40 ||   155

Table legend: (Time is in decaauts)
 A = Elapsed time spent in this place.
 B = Non-inter-level travel time spent in this place.
 C = Inter-level travel time spent in this place.
 D = Time resting spent in this place.
 E = Time spent auto-exploring this place.
 F = Levels seen in this place.
 G = Mean time per level.
                   A        B        C        D        E       F      G
               +--------+--------+--------+--------+--------+-----+--------+
         Total |   3241 |   3197 |     44 |     28 |   2332 |   5 |  648.2 |
       Dungeon |   3241 |   3197 |     44 |     28 |   2332 |   5 |  648.2 |
               +--------+--------+--------+--------+--------+-----+--------+

Top non-repeatable levels by time:
     D:4: 1021 daAuts
     D:3: 716 daAuts
     D:1: 708 daAuts
     D:2: 701 daAuts
     D:5: 93 daAuts
